 Dungeon Crawl Stone Soup version 0.22-a0-614-g34fbaa0 (webtiles) character file.

28 rgaf the Insei (level 2, 0/22 HPs)
             Began as a Demigod Transmuter on July 17, 2018.
             Slain by a jackal (2 damage)
             ... on level 1 of the Dungeon.
             The game lasted 00:00:42 (933 turns).

rgaf the Insei (Demigod Transmuter)                  Turns: 933, Time: 00:00:42

Health: 0/22       AC:  2    Str: 13    XL:     2   Next: 75%
Magic:  7/7        EV: 18    Int: 17    God:
Gold:   11         SH:  0    Dex: 21    Spells: 3/4 levels left

rFire    . . .     SeeInvis .     - Unarmed
rCold    . . .     Gourm    .   (no shield)
rNeg     . . .     Faith    .   b - +0 robe
rPois    .         Spirit   .   (no helmet)
rElec    .         Reflect  .   (no cloak)
rCorr    .         Harm     .   (no gloves)
MR       .....                  (no boots)
Stlth    +++.......             (no amulet)
HPRegen  0.07/turn              (no ring)
MPRegen  0.10/turn              (no ring)

@: agile
A: high mp 1
a: no special abilities


You were on level 1 of the Dungeon.
You were not hungry.

You visited 1 branch of the dungeon, and saw 1 of its levels.

You collected 11 gold pieces.

Inventory:

Missiles
 a - 12 arrows
Armour
 b - a +0 robe (worn)
Comestibles
 d - 3 rations


   Skills:
 - Level 0.8 Fighting
 - Level 1.7 Dodging
 * Level 3.4 Unarmed Combat
 - Level 1.7 Spellcasting
 + Level 2.3 Transmutations


You had 3 spell levels left.
You knew the following spells:

 Your Spells              Type           Power        Failure   Level  Hunger
a - Beastly Appendage     Tmut           #.....       8%          1    #......

Your spell library contained the following spells:

 Spells                   Type           Power        Failure   Level  Hunger
 Spider Form              Tmut/Pois      #.........   36%         3    ###....
 Blade Hands              Tmut           #.........   91%         5    ######.
 Ice Form                 Ice/Tmut       #.......     77%         4    #####..
 Sticks to Snakes         Tmut           #.......     12%         2    ###....


Dungeon Overview and Level Annotations

Branches:
Dungeon (1/15)


Innate Abilities, Weirdness & Mutations

You have an increased reservoir of magic. (+10% MP)


Message History

You closely miss the jackal. The jackal bites you.
* * * LOW HITPOINT WARNING * * *
The jackal bites you but does no damage.
You hit the jackal.
You kill the jackal!
It was a potion of agility.
You feel agile all of a sudden. The jackal misses you.
The jackal closely misses you.
You closely miss the jackal.
The jackal is moderately wounded.
The jackal completely misses you.
You barely miss the jackal.
The jackal is moderately wounded.
The jackal misses you.
You closely miss the jackal.
The frilled lizard hisses angrily.
You punch the jackal, but do no damage.
The jackal is moderately wounded.
The jackal bites you.
You die...

#. ... ##. ##.. #.l.
... ... ..# #.#
#.##.# #.# #....#
###.##### #.####$.#
#.......#
#......h######
#.#.###.#
######.#@....#
#....##.#
#.#.....####....##.#
..#......)..........
####.....####.#..##.#
#.....# #.......#
##########.#..####
#.......# #.##.#..# #
#..).#


You could see a jackal and a frilled lizard.

Vanquished Creatures
  A dart slug (D:1)
  3 goblins (D:1)
  5 hobgoblins (D:1)
  8 jackals (D:1)
  A kobold (D:1)
  A bat (D:1)
  A frilled lizard (D:1)
  A rat (D:1)
21 creatures vanquished.

Notes
Turn   | Place    | Note
-------+----------+-------------------------------------------
     0 | D:1      | rgaf the Demigod Transmuter began the quest for the Orb.
     0 | D:1      | Reached XP level 1. HP: 15/15 MP: 5/5
   391 | D:1      | Reached skill level 3 in Unarmed Combat
   619 | D:1      | Reached XP level 2. HP: 22/22 MP: 7/7
   933 | D:1      | Slain by a jackal

Vault maps used:
D:1:      shiori_arrival_maze, minmay_pentomino_u4

Skill      XL: |  1 |
---------------+----+-----
Unarmed Combat | 3 |  3.4
Transmutations | 2 |  2.3
Fighting       | |  0.8
Dodging        | |  1.7
Spellcasting   | |  1.7

Action                   || total
-------------------------++-------
Melee: Unarmed           ||   106
       Punch             ||     1
  Use: Potion            ||     1
Armor: Robe              ||    18
Dodge: Dodged            ||    69

Table legend:
 A = Spawn XP
 B = Non-spawn XP
 C = Spawn XP percentage of total XP
 D = Spawn monster count
 E = Non-spawn monster count
 F = Spawn count percentage of total count
 G = Total turns spent on level
                    A         B        C        D         E        F      G
               +---------+---------+-------+---------+---------+-------+---------
         Total |       0 |      40 |   0.0 |       0 |      21 |   0.0 |   933
               +---------+---------+-------+---------+---------+-------+---------
           D:1 |       0 |      40 |   0.0 |       0 |      21 |   0.0 |   933
               +---------+---------+-------+---------+---------+-------+---------
